 Dungeon Crawl Stone Soup version bcrawl-1.19.1 (webtiles) character file.

Game seed: 11881929006203422920

70 Niddhogr the Stinger (level 4, 21/30 HPs)
             Began as a Demonspawn Venom Mage on Dec 1, 2019.
             Got out of the dungeon alive.
             The game lasted 00:05:54 (2610 turns).

Niddhogr the Stinger (Demonspawn Venom Mage)        Turns: 2610, Time: 00:05:54

Health: 21/30      AC:  5    Str:  9    XL:     4   Next: 3%
Magic:  7/7        EV: 14    Int: 17    God:
Gold:   166        SH:  4    Dex: 13    Spells: 4/7 levels left

rFire    . . .     SeeInvis .   s - +0 spear
rCold    . . .     Gourm    .   (no shield)
rNeg     . . .     Faith    .   a - +0 robe
rPois    .         Spirit   .   (no helmet)
rElec    .         Reflect  +   o - +0 cloak
rCorr    .         Harm     .   p - +0 pair of gloves
MR       .....                  b - +0 pair of boots
Stlth    ++........             r - +4 amulet of reflection
HPRegen  0.10/turn              (no ring)
MPRegen  0.10/turn              (no ring)

@: no status effects
A: claws 1, repulsion field 1, demonic guardian 1
a: no special abilities


You escaped.
You were not hungry.

You visited 1 branch of the dungeon, and saw 2 of its levels.

You collected 166 gold pieces.

Inventory:

Hand Weapons
 g - a +0 dagger
 s - a +0 spear (weapon)
Missiles
 m - a throwing net {!f=f}
Armour
 a - a +0 robe (worn)
 b - a +0 pair of boots (worn)
 o - a +0 cloak (worn)
 p - a +0 pair of gloves (worn)
Magical Staves
 n - an uncursed staff of death {rN+}
Jewellery
 r - a +4 amulet of reflection (around neck)
Scrolls
 e - 3 scrolls of identify {unknown}
 h - 2 scrolls of amnesia {unknown}
 j - a scroll of remove curse {unknown}
 l - 2 scrolls of teleportation {unknown}
Potions
 c - 2 potions of berserk rage {!q}
 d - a potion of degeneration {!q}
 i - a potion of haste {unknown}
 k - 2 potions of curing {unknown}
Comestibles
 f - 2 rations {!d}
 q - a chunk of flesh


   Skills:
 - Level 1.7 Dodging
 - Level 2.0 Stealth
 - Level 2.0 Spellcasting
 - Level 1.0 Conjurations
 + Level 4.9 Poison Magic


You had 4 spell levels left.
You knew the following spells:

 Your Spells              Type           Power        Failure   Level  Hunger
a - Sting                 Conj/Pois      ##..         6%          1    #......
b - Poisonous Vapours     Pois/Air       ##....       11%         2    ###....

Your spell library contained the following spells:

 Spells                   Type           Power        Failure   Level  Hunger
 Magic Dart               Conj           #...         13%         1    #......
 Spider Form              Tmut/Pois      ##.          22%         3    ###....
 Mephitic Cloud           Conj/Pois/Air  #.......     26%         3    ###....
 Olgreb's Toxic Radiance  Pois           ###.....     26%         4    #####..
 Blink                    Tloc           N/A          28%         2    ###....
 Call Imp                 Summ           #.....       28%         2    ###....
 Ignite Poison            Fire/Tmut/Pois #.......     30%         3    ###....
 Conjure Flame            Conj/Fire      #.......     43%         3    ###....
 Summon Scorpions         Summ/Pois      ##......     56%         4    #####..
 Venom Bolt               Conj/Pois      ##........   85%         5    ######.


Dungeon Overview and Level Annotations

Branches:
Dungeon (2/12)

Altars:
Qazlal
The Shining One


Innate Abilities, Weirdness & Mutations

You have sharp fingernails.
You are surrounded by a mild repulsion field. (EV +2)
A weak demonic guardian rushes to your aid.


Message History

What level of the Dungeon? (default 1, ? - help)
There is a stone staircase leading up here.
You climb upwards.
There is a stone staircase leading down here.
You regained 3 hp, and now have 18/30 hp.
You regained 2 mp, and now have 4/7 mp.
Some of the chunks of flesh in your inventory have rotted away.
Some of the chunks of flesh in your inventory have rotted away.
You see here 85 stones.
You enter the shallow water.
Moving in this stuff is going to be slow.
You enter the shallow water.
Moving in this stuff is going to be slow.
There is a staircase leading out of the dungeon here.
You regained 3 hp, and now have 21/30 hp.
MP restored: 7 Are you sure you want to leave the Dungeon?
This will make you lose the game! [Y]es or [N]o only, please.
Are you sure you want to leave the Dungeon?
This will make you lose the game!
You have escaped!

##.....##.# #..........#......
#.......#.# #..##......#.#####
#.#.###.#.######++###+#.#.#.# #
#.#.# #.#.##≈≈.......8..#.#.#####
#.#.# #.#.#≈≈..≈≈≈≈≈≈.#...#.#....
#.#.# #...#≈..≈≈...≈≈≈#..##.#....
#.#.#######≈.≈≈..≈..≈≈#.....#....
#'#.......#≈.≈≈.≈≈≈..≈#.#####....
......###.#≈.≈≈.@.≈≈.≈#.#####....
......# #.#≈..≈≈≈.≈≈.≈#..........
......# #.#≈≈..≈..≈≈.≈###########
......# #(#≈≈≈...≈≈..≈# ......#
#.#.≈≈≈≈≈≈..≈≈#
#.#######..8.......≈≈##
#.........#.###''#####
######...##.##...##
..÷>.'...+........# #####


There were no monsters in sight!

Levels and vault maps discovered:
D:1:      psy_arrival_whirlpool, layout_basic
D:2:      layout_loops_ring, lemuel_coloured_pillars_altar,
          nicolae_qazlal_style_of_elements, minmay_goblin_outpost

Notes
Turn   | Place    | Note
-------+----------+-------------------------------------------
     0 | D:1      | Niddhogr the Demonspawn Venom Mage began the quest for the
                  | Orb.
     0 | D:1      | Reached XP level 1. HP: 13/13 MP: 3/3
    23 | D:1      | Identified a +0 pair of boots (You found it on level 1 of
                  | the Dungeon)
    98 | D:1      | Identified a +0 club
   211 | D:1      | Identified a +0 dagger
   295 | D:1      | HP: 2/13 [ooze (3)]
   602 | D:1      | Gained mutation: A weak demonic guardian rushes to your
                  | aid. [demonic ancestry]
   602 | D:1      | Reached XP level 2. HP: 19/19 MP: 1/5
   606 | D:1      | Learned a level 2 spell: Poisonous Vapours
   658 | D:1      | Identified a +0 club
  1184 | D:1      | Identified a +0 club
  1195 | D:1      | Reached skill level 4 in Poison Magic
  1335 | D:1      | Identified a +0 club
  1387 | D:1      | Identified a cursed -3 hand axe
  1390 | D:1      | Gained mutation: You have sharp fingernails. [demonic
                  | ancestry]
  1390 | D:1      | Reached XP level 3. HP: 24/24 MP: 2/6
  1578 | D:1      | Identified a +0 club
  1580 | D:1      | Identified a +0 club
  1589 | D:1      | Identified a +1 dagger of holy wrath
  2276 | D:2      | Found a glowing golden altar of the Shining One.
  2291 | D:2      | Identified a +0 cloak (You found it on level 2 of the
                  | Dungeon)
  2331 | D:2      | Noticed an air elemental
  2333 | D:2      | Found a stormy altar of Qazlal.
  2334 | D:2      | Noticed an earth elemental
  2334 | D:2      | Noticed a fire elemental
  2334 | D:2      | Noticed a water elemental
  2354 | D:2      | Identified a +0 pair of gloves (You found it on level 2 of
                  | the Dungeon)
  2355 | D:2      | Identified a +0 spear
  2355 | D:2      | Identified a +0 club
  2357 | D:2      | Identified a +0 club
  2455 | D:2      | Identified an amulet of reflection (You found it on level 2
                  | of the Dungeon)
  2496 | D:2      | Identified a +0 dagger
  2496 | D:2      | Identified a +0 hunting sling
  2506 | D:2      | Gained mutation: You are surrounded by a mild repulsion
                  | field. (EV +2) [demonic ancestry]
  2506 | D:2      | Reached XP level 4. HP: 11/30 MP: 4/7
  2610 | D:$      | Got out of the dungeon alive.

Table legend:
 A = Turns spent in this place as a percentage of turns spent in the entire game.
 B = Non-inter-level travel turns spent in this place as a percentage of non-inter-level travel turns spent in the entire game.
 C = Inter-level travel turns spent in this place as a percentage of turns spent in this place.
 D = Turns resting spent in this place as a percentage of non-inter-level travel turns spent in this place.
 E = Turns spent auto-exploring this place as a percentage of non-inter-level travel turns spent in this place.
 F = Non-inter-level travel turns spent in this place divided by the number of levels of this place that you've seen.
                   A       B       C       D       E      F
               +-------+-------+-------+-------+-------+----------------------
         Total | 100.0 | 100.0 |   7.9 |  10.9 |  74.0 | 1202.0
       Dungeon | 100.0 | 100.0 |   7.9 |  10.9 |  74.0 | 1202.0
               +-------+-------+-------+-------+-------+----------------------

Table legend:
 A = Kills in this place as a percentage of kills in entire the game.
 B = Kills by you in this place as a percentage of kills by you in the entire game.
 C = Kills by friends in this place as a percentage of kills by friends in the entire game.
 D = Other kills in this place as a percentage of other kills in the entire game.
 E = Experience gained in this place as a percentage of experience gained in the entire game.
 F = Experience gained in this place divided by the number of levels of this place that you have seen.
                   A       B       C       D       E      F
               +-------+-------+-------+-------+-------+----------------------
         Total | 100.0 | 100.0 | 100.0 |   N/A | 100.0 |  50.0
       Dungeon | 100.0 | 100.0 | 100.0 |   N/A | 100.0 |  50.0
               +-------+-------+-------+-------+-------+----------------------

Skill      XL: |  1  2 |
---------------+-------+-----
Poison Magic   | 4 |  4.9
Dodging        | |  1.7
Stealth        | |  2.0
Spellcasting   | |  2.0
Conjurations   | |  1.0

Action                   |  1- 3 |  4- 6 || total
-------------------------+-------+-------++-------
Melee: Dagger            |    53 |       ||    53
       Club              |     5 |       ||     5
       Unarmed           |     4 |       ||     4
       Staff             |     8 |       ||     8
       Spear             |     6 |       ||     6
 Cast: Sting             |    38 |     2 ||    40
       Poisonous Vapours |     3 |     2 ||     5
 Stab: Sleeping          |     2 |       ||     2
  Eat: Chunk             |     6 |       ||     6
Armor: Robe              |    19 |     1 ||    20
Dodge: Dodged            |    44 |       ||    44
Block: Other             |     3 |       ||     3

Vanquished Creatures
  2 gnolls (D:2)
  An ooze (D:1)
  A worm (D:2)
  4 leopard geckos (D:1)
  A bat (D:1)
  A giant cockroach (D:1)
  7 goblins
  6 hobgoblins (D:1)
  5 kobolds (D:1)
  A quokka (D:2)
  2 frilled lizards (D:1)
  3 rats (D:1)
34 creatures vanquished.

Vanquished Creatures (collateral kills)
  A gnoll (D:2)
1 creature vanquished.

Grand Total: 35 creatures vanquished
